 Dungeon Crawl Stone Soup version 0.22.0-13-g43fe8f2 (webtiles) character file.

6289 Ijustatesigmund the Cleaver (level 10, -6/91 HPs)
             Began as a Hill Orc Fighter on Aug 16, 2018.
             Was a Follower of Cheibriados.
             Killed by divine providence
             ... invoked by a smoke demon
              (14 damage)
             ... on level 2 of the Abyss.
             The game lasted 00:20:39 (9224 turns).

Ijustatesigmund the Cleaver (Hill Orc Fighter)      Turns: 9224, Time: 00:20:40

Health: -6/91      AC: 12    Str: 22    XL:     10   Next: 94%
Magic:  14/14      EV:  9    Int: 11    God:    Cheibriados [*.....]
Gold:   578        SH: 19    Dex: 14    Spells: 9/9 levels left

rFire    + . .     SeeInvis +   a - +0 war axe (vamp)
rCold    . . .     Gourm    .   c - +1 large shield
rNeg     . . .     Faith    .   b - +4 ring mail {rF+}
rPois    +         Spirit   .   w - +0 helmet
rElec    .         Reflect  .   u - +0 cloak
rCorr    .         Harm     .   (no gloves)
MR       .....                  (no boots)
Stlth    +.........             (no amulet)
HPRegen  0.25/turn              o - ring of poison resistance
MPRegen  0.14/turn              D - ring of see invisible

@: about to teleport, very slightly contaminated, very slow
A: no striking features
a: Bend Time, Renounce Religion


You were on level 2 of the Abyss.
You worshipped Cheibriados.
Cheibriados was aware of your devotion.
You were not hungry.

You visited 1 branch of the dungeon, and saw 9 of its levels.
You visited the Abyss 1 time.

You collected 606 gold pieces.
You spent 28 gold pieces at shops.

Inventory:

Hand Weapons
 a - a +0 vampiric war axe (weapon)
 k - the cursed +1 mace of Akhos {flame, SInv, unknown}
   (You found it on level 7 of the Dungeon)

   It has been specially enchanted to burn those struck by it, causing extra
   injury to most foes and up to half again as much damage against particularly
   susceptible opponents.
   It lets you see invisible.
   It has a curse placed upon it.
Missiles
 t - 4 throwing nets (quivered)
Armour
 b - a +4 ring mail of fire resistance (worn)
 c - a +1 large shield (worn)
 h - a scarf of cloud immunity
 u - a +0 cloak (worn)
 w - a +0 helmet (worn)
Jewellery
 d - an uncursed ring of ice
 o - a ring of poison resistance (left hand)
 r - an uncursed ring of ice
 D - a ring of see invisible (right hand)
Wands
 l - a wand of acid (13)
 y - a wand of polymorph (12)
 z - a wand of flame (18)
Scrolls
 g - 2 scrolls of magic mapping
 q - 4 scrolls of teleportation
 x - a scroll of fear
 B - a scroll of enchant armour
 E - a scroll of remove curse
Potions
 i - 3 potions of curing
 j - 2 potions of flight
 m - 3 potions of lignification
 n - a potion of magic
 p - 6 potions of brilliance
 v - 2 potions of agility
Comestibles
 f - 6 rations


   Skills:
 + Level 9.4 Fighting
 + Level 11.0 Axes
 - Level 5.4 Armour
 - Level 2.9 Dodging
 - Level 10.5 Shields
 * Level 6.5 Invocations


You had 9 spell levels left.
You didn't know any spells.
Your spell library was empty.

Dungeon Overview and Level Annotations

Branches:
Dungeon (9/15)
 Temple: D:4-7         Lair: D:8-11         Orc: D:9-12

Altars:
Ashenzari
Cheibriados
Fedhas
Gozag
Hepliaklqana
Makhleb
Sif Muna
Wu Jian
Yredelemnul
Zin

Shops:
D:4 =   D:7 *


Message History

The smoke demon gestures at you. The ball of steam hits you! You resist.
* * * LOW HITPOINT WARNING * * *
Blink to where?
Press: ? - help, Dir - move target cursor You are very lightly contaminated with residual magic.
As you read the scroll of blinking, it crumbles to dust.
You are covered in liquid flames!
The smoke demon gestures at you. Something smites you!
* * * LOW HITPOINT WARNING * * *
As you read the scroll of teleportation, it crumbles to dust.
You feel strangely unstable.
You feel the power of the Abyss delaying your translocation!
The smoke demon gestures at you. Something smites you!
* * * LOW HITPOINT WARNING * * *
The smoke demon gestures at you. Something smites you!
You die...

.. .## ## .####. .
#.. .# ..#. #. ... #.
# ..... ..#..# .#
.....# ....#.# #.. ..
#.#..# ####.##.#
..#.#..@#######.#..
#### #........3.#..#
..#..
#.##...#..#.#..#...
... #.......#.#.#.##
..#..
###......#.#....#..#.
#.......##...#.# #
#####...#..#...3.#.3#
#....#.###.#... . ..
#.##. ####.##ยง


You could see a smoke demon.

Vanquished Creatures
  Harold (D:7)
  An orb spider (shapeshifter) (Abyss:2)
  Grinder (D:6)
  A hippogriff (D:9)
  A flying skull (Abyss:2)
  Sigmund (D:6)
  A spriggan (D:7)
  A wyvern (D:9)
  6 yaks (D:9)
  3 hungry ghosts
  A chaos spawn (Abyss:2)
  An ice beast (D:7)
  A black bear (D:6)
  An eye of draining (D:8)
  3 phantoms
  A small abomination (Abyss:2)
  2 orc warriors (D:8)
  A necrophage (D:6)
  3 ogres
  2 centaurs
  A big kobold (D:7)
  A scorpion (D:7)
  4 howler monkeys (D:8)
  An electric eel (D:8)
  A crimson imp (D:5)
  2 jellies (D:8)
  2 bullfrog skeletons (D:4)
  2 hounds
  8 orc priests
  Crazy Yiuf (D:7)
  11 orc wizards
  2 iguanas
  3 worker ants
  A hound zombie (D:6)
  A hound skeleton (D:4)
  A worker ant zombie (D:7)
  5 adders
  A shadow imp (D:6)
  An ooze (D:4)
  An adder skeleton (D:4)
  2 worms (D:4)
  2 dart slugs
  4 leopard geckos
  32 orcs
  6 bats
  11 giant cockroaches
  7 goblins
  5 hobgoblins
  10 jackals
  3 quokkas
  A ball python (D:3)
  6 frilled lizards
  12 kobolds
  A leopard gecko skeleton (D:6)
  6 rats
  A spectral orc (D:2)
192 creatures vanquished.

Notes
Turn   | Place    | Note
-------+----------+-------------------------------------------
     0 | D:1      | Ijustatesigmund the Hill Orc Fighter began the quest for the Orb.
     0 | D:1      | Reached XP level 1. HP: 19/19 MP: 1/1
    93 | D:1      | Reached skill level 3 in Axes
   133 | D:1      | Reached XP level 2. HP: 25/26 MP: 2/2
   441 | D:1      | Reached skill level 4 in Axes
   492 | D:1      | Reached XP level 3. HP: 29/31 MP: 3/3
  1156 | D:2      | Reached skill level 5 in Axes
  1279 | D:2      | You fall through a shaft for 2 floors!
  1299 | D:4      | Reached XP level 4. HP: 27/39 MP: 4/4
  1821 | D:4      | Noticed a phantom
  1867 | D:3      | Reached skill level 6 in Axes
  1948 | D:3      | Found an ornate altar of the Wu Jian Council.
  2214 | D:2      | Found a basalt altar of Yredelemnul.
  2289 | D:2      | Reached XP level 5. HP: 46/46 MP: 5/5
  2439 | D:2      | Found a blossoming altar of Fedhas.
  2499 | D:3      | Found a deep blue altar of Sif Muna.
  2510 | D:3      | Found a glowing silver altar of Zin.
  3156 | D:4      | Found Nuroseich's Jewellery Boutique.
  3322 | D:4      | Reached skill level 5 in Fighting
  3322 | D:4      | Reached skill level 7 in Axes
  3322 | D:4      | Reached XP level 6. HP: 39/56 MP: 6/6
  3946 | D:4      | Killed a phantom
  4276 | D:4      | Reached XP level 7. HP: 62/63 MP: 7/7
  4496 | D:5      | Entered Level 5 of the Dungeon
  4506 | D:5      | Reached skill level 8 in Axes
  5227 | D:6      | Reached skill level 9 in Axes
  5294 | D:6      | Reached XP level 8. HP: 62/73 MP: 8/8
  5594 | D:6      | Noticed Grinder
  5605 | D:6      | Killed Grinder
  5605 | D:6      | Reached skill level 10 in Axes
  5825 | D:6      | Noticed Sigmund
  5841 | D:6      | Killed Sigmund
  5841 | D:6      | Reached skill level 1 in Dodging
  6352 | D:7      | Found a hazy altar of Hepliaklqana.
  6418 | D:7      | Found an opulent altar of Gozag.
  6419 | D:7      | Reached XP level 9. HP: 81/82 MP: 9/9
  6437 | D:7      | Found Keutan's General Store.
  6450 | D:7      | Bought a scroll of identify for 28 gold pieces
  6483 | D:7      | Reached skill level 5 in Armour
  6483 | D:7      | Reached skill level 5 in Shields
  6643 | D:7      | Found a burning altar of Makhleb.
  6703 | D:7      | Noticed Harold
  6733 | D:7      | Killed Harold
  7020 | D:7      | Found a runed door.
  7024 | D:7      | Noticed Crazy Yiuf
  7028 | D:7      | Killed Crazy Yiuf
  7031 | D:7      | Got an encrusted mace
  7287 | D:8      | Reached XP level 10. HP: 80/89 MP: 10/10
  7609 | D:8      | Reached skill level 10 in Shields
  8258 | D:8      | Found a snail-covered altar of Cheibriados.
  8265 | D:8      | Became a worshipper of Cheibriados the Contemplative
  8585 | D:9      | Reached skill level 1 in Invocations
  8627 | D:9      | Found a shattered altar of Ashenzari.
  8799 | D:9      | Reached * piety under Cheibriados
  8822 | D:9      | Reached skill level 5 in Invocations
  9080 | D:9      | Noticed a wizard
  9082 | D:9      | Cast into level 2 of the Abyss (a wizard)
  9132 | Abyss:2  | Noticed an orb spider
  9154 | Abyss:2  | Killed an orb spider
  9166 | Abyss:2  | Reached skill level 11 in Axes
  9198 | Abyss:2  | Noticed a smoke demon
  9224 | Abyss:2  | Killed from afar by a smoke demon

Skill      XL: |  1  2  3  4  5  6  7  8  9 10 |
---------------+-------------------------------+-----
Axes           | 3 4 5 6 7 9 10 11 | 11.0
Fighting       | 4 5 6 7 8 9 |  9.4
Dodging        | 2 |  2.9
Armour         | 4 5 |  5.4
Shields        | 4 9 10 | 10.5
Invocations    | 6 |  6.5

Action                   |  1- 3 |  4- 6 |  7- 9 | 10-12 || total
-------------------------+-------+-------+-------+-------++-------
Melee: War axe           |   122 |   217 |   308 |   228 ||   875
Throw: Throwing net      |       |     1 |     1 |       ||     2
Evoke: Wand              |       |       |       |     2 ||     2
  Use: Scroll            |     6 |     7 |     8 |     2 ||    23
       Potion            |     1 |     2 |     2 |     3 ||     8
 Stab: Held in net/web   |       |       |     2 |       ||     2
       Invisible         |       |       |       |     4 ||     4
  Eat: Chunk             |     1 |     8 |     1 |     7 ||    17
       Ration            |       |     1 |    10 |       ||    11
Armor: Scale mail        |    64 |    68 |    23 |       ||   155
       Chain mail        |       |       |    88 |       ||    88
       Ring mail         |       |       |    10 |    31 ||    41
Dodge: Dodged            |    43 |    63 |    53 |    44 ||   203
Block: Shield            |    69 |    90 |    87 |       ||   246
       Large shield      |       |       |    57 |   164 ||   221
